 Dungeon Crawl Stone Soup version 0.24-a0-784-g601f8f6d22 (webtiles) character file.

Game seed: 14882431567502026107, levelgen mode: deterministic

2585 Kohma the Cleaver (level 9, 0/105 HPs)
             Began as a Minotaur Berserker on Oct 9, 2019.
             Was an Elder of Trog.
             Slain by a manticore (1 damage)
             ... on level 7 of the Dungeon.
             The game lasted 00:17:12 (6293 turns).

Kohma the Cleaver (Minotaur Berserker)              Turns: 6293, Time: 00:17:13

Health: 0/105      AC: 13    Str: 31    XL:     9   Next: 32%
Magic:  8/8        EV: 11    Int:  4    God:    Trog [****..]
Gold:   299        SH:  0    Dex:  9    Spells: 8/8 levels left

rFire    . . .     SeeInvis .   z - +7 short sword of Trog's Favour {vamp, +Blink MR+}
rCold    + . .     Gourm    +   (no shield)
rNeg     . . .     Faith    .   x - +2 scale mail {rC+}
rPois    .         Spirit   .   (helmet restricted)
rElec    .         Reflect  .   (no cloak)
rCorr    .         Harm     .   f - +0 pair of gloves
MR       +....                  o - +0 pair of boots
Stlth    ..........             h - amulet of the gourmand
HPRegen  0.27/turn              (no ring)
MPRegen  0.11/turn              v - ring of flight

@: berserking, very quick
A: retaliatory headbutt, horns 2
a: Berserk, Trog's Hand, Brothers in Arms, Renounce Religion, Evoke Blink, Evoke
Flight


You were on level 7 of the Dungeon.
You worshipped Trog.
Trog was greatly pleased with you.
You were full.

You visited 2 branches of the dungeon, and saw 8 of its levels.
You also visited: Sewer.

You collected 299 gold pieces.

Inventory:

Hand Weapons
 b - a +0 war axe
 n - a +1 halberd of protection
 z - the +7 short sword of Trog's Favour (weapon) {vamp, +Blink MR+}
   (You found it on level 4 of the Dungeon)

   It inflicts no extra harm, but heals its wielder when it wounds a living foe.
   It affects your resistance to hostile enchantments.
   It lets you blink.
Missiles
 d - 73 poisoned darts (quivered)
 l - 8 curare-tipped darts
Armour
 f - a +0 pair of gloves (worn)
 o - a +0 pair of boots (worn)
 x - a +2 scale mail of cold resistance (worn)
Jewellery
 h - an amulet of the gourmand (around neck)
 v - a ring of flight (right hand)
Wands
 a - a wand of scattershot (4)
 s - a wand of iceblast (19)
Scrolls
 j - 5 scrolls of teleportation
 m - 6 scrolls of remove curse
 q - a scroll of identify
 t - a scroll of enchant armour {unknown}
 y - a scroll of enchant weapon
Potions
 e - a potion of berserk rage {unknown}
 g - a potion of resistance {unknown}
 i - a potion of heal wounds {unknown}
 k - 3 potions of curing
 r - a potion of agility {unknown}
 u - 2 potions of flight {unknown}
 w - a potion of haste {unknown}
 A - 4 potions of mutation {unknown}
 B - a potion of lignification {unknown}
Comestibles
 c - 18 rations


   Skills:
 - Level 3.6 Fighting
 * Level 11.8 Axes
 + Level 10.2 Armour
 - Level 2.1 Dodging


You had 8 spell levels left.
You didn't know any spells.
Your spell library was empty.

Dungeon Overview and Level Annotations

Branches:
Dungeon (7/15)             Temple (1/1) D:5           Sewer (visited)

Altars:
Cheibriados
Dithmenos
Elyvilon
Fedhas
Gozag
Hepliaklqana
Kikubaaqudgha
Makhleb
Nemelex Xobeh
Okawaru
Ru
Sif Muna
Trog
Uskayaw
Vehumet
Wu Jian
Xom
Yredelemnul
Zin
The Shining One

Shops:
D:7 (


Innate Abilities, Weirdness & Mutations

You reflexively headbutt those who attack you in melee.
You have a pair of horns on your head.


Message History

The manticore bites you. The manticore barely misses you.
The manticore claws you.
You hit the manticore but do no damage. You headbutt the manticore!
The manticore is heavily wounded.
The manticore bites you! The manticore claws you!
* * * LOW HITPOINT WARNING * * *
The manticore closely misses you.
You barely miss the manticore. You headbutt the manticore.
The manticore is heavily wounded.
The manticore misses you. The manticore closely misses you.
The manticore claws you.
* * * LOW HITPOINT WARNING * * *
Okay, then.
A red film seems to cover your vision as you go berserk!
You feel yourself moving faster!
You feel mighty! The manticore bites you!
* * * LOW HITPOINT WARNING * * *
The manticore claws you.
* * * LOW HITPOINT WARNING * * *
The manticore claws you.
You die...

#.(....#....##..###'######
#.(....#######..##.......#
#............#...#.......#
((.####......#...#.....>.#
#### ##############.....#
# ................# #
..#...#...#.....# #
............##### #
.#...#@..### #
......H....# ######
###################
#....###..##'###'#.......#
.................#.......#
.................#.......#
.....##...####'###.......#
.....##...###............#
.....#......#............#


You could see a manticore.

Vanquished Creatures
  A hippogriff (D:7)
  A shadow (D:7)
  Sigmund (D:3)
  Menkaure (D:7)
  A sky beast (D:5)
  Purgy (Sewer)
  5 ogres
  2 centaurs
  A big kobold (D:7)
  2 bullfrogs
  A scorpion (D:6)
  A jelly (D:6)
  2 howler monkeys (D:7)
  3 crimson imps
  A quasit (D:6)
  An orc wizard (D:4)
  An orc priest (D:4)
  2 hounds
  3 bullfrog skeletons
  Terence (D:3)
  4 iguanas
  6 worker ants
  7 gnolls (D:3)
  6 adders
  A shadow imp (D:7)
  An ooze (D:2)
  An adder zombie (D:5)
  An adder skeleton (D:7)
  3 worms (D:2)
  A dart slug (D:3)
  4 leopard geckos
  13 orcs
  9 giant cockroaches
  6 goblins
  7 hobgoblins
  8 jackals
  4 quokkas
  A ball python (D:2)
  7 bats
  10 frilled lizards
  A jackal skeleton (D:2)
  A jackal zombie (D:6)
  14 kobolds
  A leopard gecko zombie (D:6)
  A quokka skeleton (D:6)
  A quokka zombie (D:6)
  15 rats
166 creatures vanquished.

Notes
Turn   | Place    | Note
-------+----------+-------------------------------------------
     0 | D:1      | Kohma the Minotaur Berserker began the quest for the Orb.
     0 | D:1      | Reached XP level 1. HP: 19/19 MP: 0/0
    33 | D:1      | Reached skill level 4 in Axes
    40 | D:1      | Reached XP level 2. HP: 15/26 MP: 1/1
   481 | D:1      | Reached ** piety under Trog
   820 | D:2      | Reached XP level 3. HP: 31/31 MP: 2/2
   936 | D:2      | Reached skill level 5 in Axes
  1011 | D:2      | Found a burning altar of Makhleb.
  1146 | D:2      | Reached XP level 4. HP: 29/39 MP: 3/3
  1356 | D:2      | Found a glowing golden altar of the Shining One.
  1460 | D:3      | Found a faded altar of an unknown god.
  1461 | D:3      | Noticed Sigmund
  1525 | D:3      | Killed Sigmund
  1525 | D:3      | Reached skill level 6 in Axes
  1525 | D:3      | Reached XP level 5. HP: 45/45 MP: 4/4
  1536 | D:3      | Noticed Terence
  1545 | D:3      | Killed Terence
  1592 | D:3      | Found a hide-covered altar of Uskayaw.
  1605 | D:3      | Reached skill level 7 in Axes
  1605 | D:3      | Reached XP level 6. HP: 51/51 MP: 5/5
  1669 | D:3      | Reached *** piety under Trog
  1741 | D:3      | Reached skill level 5 in Armour
  2378 | D:4      | Found a sparkling altar of Nemelex Xobeh.
  2400 | D:4      | Got an ancient short sword
  2546 | D:4      | Found a basalt altar of Yredelemnul.
  2546 | D:4      | Found an opulent altar of Gozag.
  2575 | D:4      | Found an ancient bone altar of Kikubaaqudgha.
  2576 | D:4      | Found a shimmering altar of Xom.
  2578 | D:4      | Found an ornate altar of the Wu Jian Council.
  2705 | D:4      | Reached XP level 7. HP: 53/57 MP: 6/6
  2788 | D:4      | Found a bloodstained altar of Trog.
  3213 | D:5      | Entered Level 5 of the Dungeon
  3296 | D:5      | Identified the +7 short sword of Trog's Favour {vamp,
                  | +Blink MR+} (You found it on level 4 of the Dungeon)
  3306 | D:5      | Lost intelligence.
  3499 | D:5      | Found a staircase to the Ecumenical Temple.
  3504 | Temple   | Entered the Ecumenical Temple
  3880 | D:5      | Found a shadowy altar of Dithmenos.
  3893 | D:5      | Reached skill level 8 in Axes
  4167 | D:6      | Reached **** piety under Trog
  4167 | D:6      | Reached XP level 8. HP: 62/64 MP: 7/7
  4384 | D:6      | Reached skill level 9 in Axes
  4474 | D:6      | Found a glowing drain.
  4489 | Sewer    | Entered a sewer
  4582 | Sewer    | Noticed Purgy
  4591 | Sewer    | Killed Purgy
  4718 | D:6      | Reached skill level 10 in Axes
  4723 | D:6      | Found a bloodstained altar of Trog.
  5177 | D:7      | Noticed a hippogriff
  5184 | D:7      | Killed a hippogriff
  5184 | D:7      | Reached skill level 11 in Axes
  5184 | D:7      | Reached XP level 9. HP: 70/70 MP: 8/8
  5305 | D:7      | Found Dasupuh's Weapon Boutique.
  5306 | D:7      | Noticed Menkaure
  5313 | D:7      | Killed Menkaure
  5717 | D:7      | Reached skill level 10 in Armour
  6280 | D:7      | Noticed a manticore
  6293 | D:7      | HP: 5/105 [manticore (16)]
  6293 | D:7      | HP: 1/105 [manticore (4)]
  6293 | D:7      | Slain by a manticore

Levels and vault maps discovered:
D:1:      dpeg_arrival_renting, layout_basic, supply_closet_lemuel
D:2:      layout_rooms, overflow_temple_1_default, tso_altar
D:3:      layout_basic, lemuel_crystal_altar, nicolae_overflow_hidden_temple,
          chequers_ecumenical_altar_simple, serial_bayou_pond_c, uniq_sigmund,
          uniq_terence
D:4:      layout_basic, grunt_temple_overflow_open,
          gammafunk_temple_overflow_elements, st_stairs_1, trog_book
D:5:      layout_loops_cross, overflow_temple_1_default, temple_doors_e,
          first_ration
D:6:      layout_gridville, overflow_temple_1_default, gup_sewer_entry_pipe
D:7:      layout_gridville, lemuel_coloured_pillars_altar, serial_shops,
          nicolae_shop_statue_plus, uniq_menkaure
Temple:   nicolae_temple_figure_zero

Skill      XL: |  1  2  3  4  5  6  7  8  9 |
---------------+----------------------------+-----
Axes           | 4 5 6 7 8 11 | 11.8
Armour         | 3 4 6 8 9 10 | 10.2
Fighting       | |  3.6
Dodging        | |  2.1

Action                   |  1- 3 |  4- 6 |  7- 9 || total
-------------------------+-------+-------+-------++-------
Melee: Hand axe          |    68 |       |       ||    68
       Headbutt          |    12 |    25 |    45 ||    82
       Short sword       |    35 |    87 |   190 ||   312
       Halberd           |       |    36 |    23 ||    59
Throw: Dart              |       |     1 |       ||     1
Invok: Berserk           |       |     2 |     2 ||     4
  Use: Scroll            |       |       |    13 ||    13
  Eat: Chunk             |     1 |     7 |    30 ||    38
Armor: Animal skin       |     4 |       |       ||     4
       Ring mail         |    30 |       |       ||    30
       Scale mail        |    11 |    59 |   104 ||   174
       Chain mail        |    15 |    15 |       ||    30
Dodge: Dodged            |    61 |    68 |   162 ||   291

Table legend:
 A = Non-vault XP
 B = Vault XP
 C = Vault XP percentage of total XP
 D = Non-vault monster count
 E = Vault monster count
 F = Vault count percentage of total count
                 A         B        C        D         E       F
            +---------+---------+-------+---------+---------+-------
      Total |    3105 |     589 |  15.9 |     152 |      14 |   8.4
            +---------+---------+-------+---------+---------+-------
        D:1 |      36 |       0 |   0.0 |      26 |       0 |   0.0
        D:2 |      73 |       0 |   0.0 |      22 |       0 |   0.0
        D:3 |     176 |     241 |  57.8 |      38 |       2 |   5.0
        D:4 |     324 |      40 |  11.0 |      12 |       1 |   7.7
        D:5 |     528 |       0 |   0.0 |       6 |       0 |   0.0
        D:6 |     974 |      11 |   1.1 |      31 |       4 |  11.4
        D:7 |     994 |     165 |  14.2 |      17 |       1 |   5.6
      Sewer |       0 |     132 | 100.0 |       0 |       6 | 100.0
            +---------+---------+-------+---------+---------+-------
